 Dungeon Crawl Stone Soup version 0.29.1-15-g9cfb28693d (webtiles) character file.

Game seed: 2624480215592583150

73062 redmage the Earth Mage (level 16, -6/181 HPs)
             Began as a Meteoran Earth Elementalist on Sept 11, 2023.
             Was a High Priest of Sif Muna.
             Hit by a boomerang thrown by a merfolk (16 damage)
             ... led by a merfolk impaler
             ... on level 2 of the Shoals.
             The game lasted 02:26:12 (6130 turns).

redmage the Earth Mage (MeEE)                       Turns: 6130, Time: 02:26:12

Health: -6/181     AC: 16    Str: 19    XL:     16   Next: 35%
Magic:  32/42      EV: 11    Int: 25    God:    Sif Muna [*****.]
Gold:   400        SH:  0    Dex: 18    Spells: 10/40 levels left

rFire   + + .      SeeInvis .     - Unarmed
rCold   x . .      Faith    .   (shield currently unavailable)
rNeg    . . .      Spirit   .   (body armour currently unavailable)
rPois   +          Reflect  .   (helmet currently unavailable)
rElec   +          Harm     .   (cloak currently unavailable)
rCorr   .          Rampage  .   (gloves currently unavailable)
Will    ++...                   (boots currently unavailable)
Stlth   +.........              z - amulet of magic regeneration
HPRegen 0.40/turn               x - ring "Ehiadivakh" {Fly rElec Int+2}
MPRegen 0.68/turn               v - ring of magical power

@: dragon-form, flying, very slightly contaminated, glowing
A: dragon claw, dragon scales, breathe fire, flying, boosted hp, giant, sense
surroundings 2, otherworldly, glowing, explore regen
a: Breathe Fire, End Transformation, Renounce Religion, Channel Magic, Forget
Spell, Divine Exegesis


You were on level 2 of the Shoals.
You worshipped Sif Muna.
Sif Muna was extremely pleased with you.
You were a fearsome dragon!
You visited 5 branches of the dungeon, and saw 24 of its levels.
You also visited: Sewer.

You collected 1552 gold pieces.
You spent 1152 gold pieces at shops.

Inventory:

Hand Weapons
 S - a +1 demon trident of venom
Missiles
 k - 4 curare-tipped darts
 T - 2 silver javelins
Armour
 f - a +2 pair of gloves (melded)
 i - a +0 troll leather armour (melded)
 q - a +2 robe of willpower
 w - a +0 pair of boots (melded)
 E - a +0 cloak (melded)
 O - a +2 robe of cold resistance
Magical Staves
 c - a staff of cold
 A - a staff of air
 F - a staff of death
Jewellery
 h - an amulet of the acrobat
 o - a ring of positive energy
 r - an amulet of regeneration
 u - a ring of resist corrosion
 v - a ring of magical power (right foreclaw)
 x - the ring "Ehiadivakh" (left foreclaw) {Fly rElec Int+2}
   (You acquired it on level 9 of the Dungeon)

   [ring of flight]

   Int:       It affects your intelligence (+2).
   rElec:     It insulates you from electricity.
   Fly:       It grants you flight.
 z - an amulet of magic regeneration (around neck)
 B - a ring of poison resistance
 C - a ring of fire
 H - a ring of protection from fire
Wands
 a - a wand of flame (27) (quivered)
 j - a wand of roots (16)
 s - a wand of mindburst (8)
 D - a wand of charming (2)
 G - a wand of light (6)
Scrolls
 I - a scroll of enchant weapon
 J - 2 scrolls of blinking
 K - a scroll of butterflies
 Q - a scroll of immolation
 R - a scroll of poison
Potions
 b - a potion of magic
 d - 2 potions of berserk rage
 e - 2 potions of curing
 g - 3 potions of lignification
 m - 5 potions of might
 n - a potion of resistance
 t - 2 potions of brilliance
 L - a potion of mutation
 N - 3 potions of cancellation
 P - 6 potions of haste


   Skills:
 + Level 5.5 Fighting
 + Level 6.7 Dodging
 - Level 1.4 Stealth
 + Level 6.1 Unarmed Combat
 - Level 12.5 Spellcasting
 - Level 12.0 Conjurations
 - Level 8.0 Translocations
 - Level 15.0 Transmutations
 - Level 16.0 Earth Magic
 - Level 10.0 Invocations
 - Level 6.0 Evocations


You had 10 spell levels left.
You knew the following spells:

 Your Spells              Type           Power      Damage    Failure   Level
a - Sandblast             Erth           100%       2d20      0%          1
b - Passwall              Tmut/Erth      62%        N/A       0%          2
c - Iron Shot             Conj/Erth      36%        9d7       1%          6
d - Leda's Liquefaction   Hex/Erth       26%        N/A       1%          4
f - Dragon Form           Tmut           37%        N/A       7%          7
w - Statue Form           Tmut/Erth      50%        N/A       1%          6
z - Passage of Golubria   Tloc           53%        N/A       1%          4

Your spell library contained the following spells:

 Spells                   Type           Power      Damage    Failure   Level
 Gell's Gravitas          Tloc           53%        N/A       1%          3
 Stone Arrow              Conj/Erth      100%       3d13      1%          3
 Teleport Other           Tloc           53%        N/A       1%          3
 Petrify                  Tmut/Erth      75%        N/A       1%          4
 Irradiate                Conj/Tmut      35%        3d23      1%          5
 Portal Projectile        Hex/Tloc       70%        N/A       2%          3
 Freeze                   Ice            60%        1d8       3%          1
 Yara's Violent Unravell  Hex/Tmut       26%        3d11      4%          5
 Ensorcelled Hibernation  Hex/Ice        30%        N/A       6%          2
 Call Canine Familiar     Summ           15%        N/A       12%         3
 Confusing Touch          Hex            15%        N/A       12%         3
 Ozocubu's Armour         Ice            15%        N/A       12%         3
 Swiftness                Air            15%        N/A       12%         3
 Dispersal                Tloc           26%        N/A       22%         6
 Anguish                  Hex/Necr       7%         N/A       36%         4
 Lehudib's Crystal Spear  Conj/Erth      36%        10d9      63%         8
 Metabolic Englaciation   Hex/Ice        7%         N/A       71%         5
 Silence                  Hex/Air        7%         N/A       71%         5
 Shatter                  Erth           38%        3d30*     99%         9
 Enfeeble                 Hex            7%         N/A       100%        7


Dungeon Overview and Level Annotations

Branches:
Dungeon (12/15) Zot: 4131  Temple (1/1) D:7 Zot: 453    Lair (5/5) D:11 Zot: 1279
 Shoals (4/4) Lair:2 Zot: 1653  Spider (0/4) Lair:3        Slime (0/5) Lair:5
    Orc (2/2) D:11 Zot: 223     Elf (0/3) Orc:2         Sewer (visited)

Altars:
Ashenzari
Cheibriados
Dithmenos
Elyvilon
Fedhas
Gozag
Hepliaklqana
Kikubaaqudgha
Makhleb
Nemelex Xobeh
Okawaru
Qazlal
Ru
Sif Muna
Trog
Uskayaw
Vehumet
Wu Jian
Xom
Yredelemnul
The Shining One
Jiyva

Shops:
D:5 *   Orc:2 ??[:   Shoals:2 :   Shoals:4 (

Portals:
Pandemonium: Orc:2

Annotations:
D:12 Urug
Lair:4 2 transporters


Innate Abilities, Weirdness & Mutations

You are a fearsome dragon!
You have a powerful clawing attack.
Your giant scaled body is strong and resiliant, but less evasive.
You can breathe fire.
You are flying.
Your maximum health is greatly increased.
Your armour is entirely melded.
You are incapable of wielding weapons or throwing items.
You passively map the area around you.
You are easily found by Zot.
You glow in the dark.
You regain HP and MP as you explore.


Message History

The sea snake closely misses you.
A merfolk javelineer comes into view.
It is wielding a +0 spear and quivering silver javelins.
The merfolk impaler hits you from afar with a +4 trident of protection!
Unknown command.
You closely miss the sea snake.
Your tail-slap misses the sea snake.
You claw the sea snake.
The sea snake is moderately wounded.
The merfolk hits you but does no damage.
The snapping turtle barely misses you.
The merfolk javelineer throws a silver javelin.
The silver javelin pierces through you. The silver sears you!
The sea snake bites you!
* * * LOW HITPOINT WARNING * * *
The merfolk impaler hits you from afar with a +4 trident of protection!
* * * LOW HITPOINT WARNING * * *
Unknown command.
Unknown command.
You closely miss the sea snake.
Your tail-slap misses the sea snake.
The sea snake is moderately wounded.
The merfolk impaler misses you.
The sea snake bites you but does no damage.
The merfolk barely misses you.
The snapping turtle bites you but does no damage.
The merfolk javelineer throws a silver javelin.
The silver javelin pierces through you!
* * * LOW HITPOINT WARNING * * *
The silver sears you!
* * * LOW HITPOINT WARNING * * *
Unknown command.
Unknown command.
You closely miss the sea snake. You tail-slap the sea snake.
The sea snake is moderately wounded.
The merfolk impaler hits you but does no damage.
The sea snake bites you!
* * * LOW HITPOINT WARNING * * *
The merfolk javelineer throws a silver javelin.
The silver javelin barely misses you. The snapping turtle barely misses you.
The merfolk impaler hits you but does no damage.
The merfolk throws a boomerang.
The boomerang hits you!
You die...

,~ ~ ~ ~ * **.~≈≈≈ ≈~~~
, , , *.≈≈≈ ≈≈≈~ ~ ~~
~≈≈##≈≈~~ ~ ~ ~ , ~ , *
.≈≈≈≈≈≈~~~~ ~~~~~~
##.~~~~≈≈~ ~ .~~~~~.#
#..~~~~≈~m
~~~~~~.########....~~~~.
~~~~~~..##.^mmm.D# ~
~~≈≈≈~~~...~.mmS## ** ~
~ ≈≈≈≈~~~~~~c~~mt##
~~~~~~~~}~~~~~t.#* * ~ ~
..~~~~...~~~~~...#* ,
*#.~~~...~~~~.....# * ~
~ #.~~~~~~~~~~..~..#* *
~ ##.~~~~~~~~~~~~~~... ,
~ ..~~~~~~~~~~~~~~~~~..
,~ ~


You could see a merfolk impaler, a merfolk javelineer, a sea snake, 2 snapping
turtles, 4 merfolk, a faun and a water nymph.

Vanquished Creatures
  Kirke (Lair:2)
  Louise (Shoals:3)
  A merfolk impaler (Shoals:2)
  A merfolk javelineer (Shoals:3)
  2 hydras
  Fannar (Lair:1)
  Josephine (Lair:3)
  A merfolk avatar (Shoals:1)
  2 demonspawn (Orc:2)
  9 death yaks
  A merfolk aquamancer (Shoals:3)
  3 satyrs (Shoals:3)
  2 two-headed ogres (D:11)
  2 alligator snapping turtles
  3 orc high priests (Orc:2)
  A sixfirhy (Orc:2)
  3 sea snakes
  3 orc knights (Orc:2)
  Pikel (D:8)
  7 harpies
  7 orc sorcerers (Orc:2)
  2 wolf spiders (Lair:5)
  10 fauns
  2 cyclopes
  2 manticores (Shoals:1)
  4 black mambas
  3 merfolk sirens
  3 water nymphs
  10 cane toads
  A torpor snail (Lair:5)
  2 orange demons (Orc:2)
  2 rime drakes
  7 komodo dragons
  A red devil (Orc:2)
  9 merfolk
  5 trolls
  2 hornets (Lair:5)
  8 blink frogs
  2 wind drakes
  2 snapping turtles
  3 dream sheep (Shoals:4)
  5 water elementals (Shoals:3)
  2 shadows
  43 yaks
  10 wyverns
  4 hogs (Lair:3)
  3 wraiths
  A fire elemental (Lair:2)
  2 redbacks (Lair:5)
  A chaos spawn (Orc:2)
  2 steam dragons (D:7)
  4 vampire mosquitoes (D:10)
  2 basilisks
  A warg (Orc:1)
  An acid dragon (D:10)
  17 water moccasins
  17 orc warriors
  A sky beast (D:6)
  A black bear (D:5)
  An ogre (D:8)
  6 wolves (Lair:2)
  8 centaurs
  2 lemures (D:8)
  A kobold brigand (D:5)
  4 bullfrogs
  A necrophage (D:7)
  4 wights
  3 killer bees (D:7)
  8 howler monkeys
  20 orc priests
  2 hounds
  A gnoll bouda (D:9)
  Jessica (D:2)
  10 orc wizards
  2 hell rats (D:11)
  16 gnolls
  7 adders
  6 river rats
  A shadow imp (D:6)
  2 worms
  A dart slug (D:3)
  37 orcs
  6 bats
  2 endoplasms (D:2)
  9 giant cockroaches
  2 goblins (D:4)
  2 hobgoblins
  6 quokkas
  3 ball pythons
  4 frilled lizards (Sewer)
  10 kobolds
  2 rats
  A butterfly (Lair:3)
441 creatures vanquished.

Vanquished Creatures (collateral kills)
  A merfolk javelineer (Shoals:3)
  An orc sorcerer (Orc:2)
  An orc knight (Orc:2)
  4 fauns (Shoals:3)
  4 merfolk (Shoals:3)
  5 dream sheep (Shoals:3)
16 creatures vanquished.

Vanquished Creatures (others)
  A dream sheep (Shoals:3)
  2 humans (Lair:3)
  A bush (Lair:5)
  31 fungi
  111 plants
146 creatures vanquished.

Grand Total: 603 creatures vanquished

Notes
Turn   | Place    | Note
-------+----------+-------------------------------------------
     0 | D:1      | redmage the Meteoran Earth Elementalist began the quest for
                  | the Orb.
     0 | D:1      | Reached XP level 1. HP: 14/14 MP: 5/5
    56 | D:2      | Noticed Jessica
    92 | D:2      | Reached XP level 2. HP: 20/20 MP: 5/7
   106 | D:2      | Learned a level 2 spell: Passwall
   119 | D:2      | Reached skill level 4 in Earth Magic
   123 | D:2      | Found a hide-covered altar of Uskayaw.
   140 | D:2      | Killed Jessica
   141 | D:2      | Reached XP level 3. HP: 21/26 MP: 5/9
   145 | D:2      | Learned a level 3 spell: Stone Arrow
   159 | D:2      | Identified the +9 dagger "Onniadon" {distort, rElec rC-
                  | Int+7 Dex-4}
   194 | D:2      | Reached XP level 4. HP: 31/33 MP: 5/10
   368 | D:4      | Found a glowing drain.
   377 | Sewer    | Entered a sewer
   383 | Sewer    | Reached skill level 5 in Earth Magic
   383 | Sewer    | Reached XP level 5. HP: 38/38 MP: 7/12
   514 | Sewer    | Reached skill level 5 in Spellcasting
   519 | Sewer    | Reached XP level 6. HP: 18/45 MP: 8/14
   623 | D:5      | Entered Level 5 of the Dungeon
   666 | D:5      | Reached skill level 6 in Earth Magic
   705 | D:5      | Noticed a black bear
   708 | D:5      | Killed a black bear
   709 | D:5      | Reached XP level 7. HP: 17/50 MP: 6/17
   763 | D:5      | Found Casemios's Assorted Antiques.
   768 | D:5      | Bought a dented garnet amulet for 105 gold pieces
   768 | D:5      | Bought a fizzy pink potion for 18 gold pieces
   811 | D:5      | Reached skill level 7 in Earth Magic
   927 | D:8      | Noticed Pikel
   942 | D:8      | Killed Pikel
   943 | D:8      | Reached skill level 8 in Earth Magic
   943 | D:8      | Reached XP level 8. HP: 33/57 MP: 12/21
   981 | D:7      | Noticed a wyvern
   986 | D:7      | Killed a wyvern
  1022 | D:7      | Reached skill level 9 in Earth Magic
  1036 | D:7      | Found a shimmering altar of Xom.
  1036 | D:7      | Found an ornate altar of the Wu Jian Council.
  1042 | D:7      | Found a sacrificial altar of Ru.
  1059 | D:7      | Gained mutation: You passively map the area around you.
                  | [Meteoran growth]
  1059 | D:7      | Reached XP level 9. HP: 62/62 MP: 19/22
  1063 | D:7      | Reached skill level 1 in Conjurations
  1151 | D:7      | Found a staircase to the Ecumenical Temple.
  1171 | Temple   | Entered the Ecumenical Temple
  1284 | Temple   | Became a worshipper of Sif Muna the Loreminder
  1523 | D:9      | Reached skill level 5 in Conjurations
  1582 | D:9      | Reached skill level 10 in Earth Magic
  1680 | D:10     | Entered Level 10 of the Dungeon
  1716 | D:9      | Reached XP level 10. HP: 66/69 MP: 24/24
  1776 | D:9      | Reached skill level 10 in Spellcasting
  1780 | D:9      | Identified a scroll of acquirement
  1781 | D:9      | Acquired the ring "Ehiadivakh" {Fly rElec Int+2}
  1863 | D:10     | Reached * piety under Sif Muna
  1960 | D:11     | Noticed a two-headed ogre
  1986 | D:10     | Noticed a komodo dragon
  2000 | D:10     | Killed a komodo dragon
  2001 | D:10     | Reached skill level 11 in Earth Magic
  2081 | D:11     | Killed a two-headed ogre
  2160 | D:11     | Reached skill level 12 in Earth Magic
  2240 | D:12     | Noticed Urug
  2246 | D:11     | Noticed a death yak
  2258 | D:11     | Noticed a death yak
  2259 | D:11     | Killed a death yak
  2259 | D:11     | Noticed a death yak
  2260 | D:11     | Reached XP level 11. HP: 31/74 MP: 15/28
  2292 | D:11     | Noticed a two-headed ogre
  2307 | D:11     | Killed a two-headed ogre
  2308 | D:11     | Reached skill level 5 in Invocations
  2372 | D:10     | Learned a level 4 spell: Passage of Golubria
  2396 | D:10     | Reached skill level 1 in Translocations
  2708 | D:8      | Reached ** piety under Sif Muna
  3228 | D:11     | Found a staircase to the Orcish Mines.
  3245 | Orc:1    | Entered Level 1 of the Orcish Mines
  3284 | Orc:2    | Entered Level 2 of the Orcish Mines
  3284 | Orc:2    | Noticed an orc sorcerer
  3287 | Orc:2    | Killed an orc sorcerer
  3560 | Orc:2    | Reached skill level 10 in Invocations
  3569 | Orc:2    | Reached skill level 5 in Translocations
  3574 | Orc:2    | Noticed a sixfirhy
  3584 | Orc:2    | Killed a sixfirhy
  3585 | Orc:2    | Reached XP level 12. HP: 16/81 MP: 21/29
  3586 | Orc:2    | Noticed an orc knight
  3612 | Orc:2    | Killed an orc knight
  3697 | Orc:2    | Reached *** piety under Sif Muna
  3736 | Orc:2    | Found Jifips's Magic Scroll Shop.
  3741 | Orc:2    | Found Tynilomu's Magic Scroll Boutique.
  3778 | Orc:2    | Bought a scroll of blinking for 75 gold pieces
  3778 | Orc:2    | Bought a scroll of teleportation for 30 gold pieces
  3778 | Orc:2    | Bought a scroll of butterflies for 40 gold pieces
  3778 | Orc:2    | Bought a scroll of identify for 20 gold pieces
  3805 | Orc:2    | Noticed an orc knight
  3818 | Orc:2    | Killed an orc knight
  3819 | Orc:2    | Reached skill level 1 in Fighting
  3819 | Orc:2    | Reached skill level 5 in Evocations
  3834 | Orc:2    | Noticed an orc knight
  3852 | Orc:2    | Killed an orc knight
  3867 | Orc:2    | Noticed an orc knight
  3926 | Orc:2    | Killed an orc knight
  3936 | Orc:2    | Reached **** piety under Sif Muna
  3937 | Orc:2    | Noticed a demonspawn
  3940 | Orc:2    | Noticed a demonspawn
  3941 | Orc:2    | Reached skill level 5 in Dodging
  3941 | Orc:2    | Reached XP level 13. HP: 84/96 MP: 26/30
  3953 | Orc:2    | Killed a demonspawn
  3958 | Orc:2    | Killed a demonspawn
  3991 | Orc:2    | Reached skill level 5 in Fighting
  3991 | Orc:2    | Reached skill level 5 in Transmutations
  4017 | Orc:2    | Found a staircase to the Elven Halls.
  4064 | Orc:2    | Noticed a demonspawn
  4109 | Orc:2    | Found Lal Kix's Book Emporium.
  4109 | Orc:2    | Found Bain's Antique Armour Shoppe.
  4110 | Orc:2    | Found a one-way gate leading to the halls of Pandemonium.
  4122 | Orc:2    | Bought Sif Muna's Meditations on the Glacial Caves for 864
                  | gold pieces
  4199 | D:11     | Learned a level 6 spell: Statue Form
  4237 | D:11     | Found a staircase to the Lair.
  4243 | D:11     | Killed a death yak
  4244 | D:11     | Reached skill level 1 in Unarmed Combat
  4248 | D:11     | Killed a death yak
  4261 | Lair:1   | Entered Level 1 of the Lair of Beasts
  4265 | Lair:1   | Noticed Fannar
  4277 | Lair:1   | Noticed a six-headed hydra
  4285 | Lair:1   | Killed a six-headed hydra
  4393 | Lair:1   | Killed Fannar
  4457 | Lair:2   | Learned a level 4 spell: Leda's Liquefaction
  4464 | Lair:2   | Reached skill level 13 in Earth Magic
  4522 | Lair:3   | Reached skill level 5 in Unarmed Combat
  4522 | Lair:3   | Noticed Kirke
  4544 | Lair:2   | Killed Kirke
  4566 | Lair:3   | Noticed a death yak
  4578 | Lair:3   | Noticed a death yak
  4578 | Lair:3   | Noticed a death yak
  4578 | Lair:3   | Noticed a death yak
  4588 | Lair:3   | Noticed a death yak
  4590 | Lair:3   | Noticed a death yak
  4594 | Lair:3   | Killed a death yak
  4595 | Lair:3   | Reached XP level 14. HP: 107/107 MP: 23/31
  4610 | Lair:2   | Reached ***** piety under Sif Muna
  4698 | Lair:2   | Received a gift from Sif Muna
  4699 | Lair:2   | Got Sif Muna's Handbook of Variable Earth {god gift}
  4707 | Lair:2   | Learned a level 6 spell: Iron Shot
  4715 | Lair:2   | Learned a level 7 spell: Dragon Form
  4788 | Lair:2   | Found a staircase to the Shoals.
  4836 | Lair:3   | Noticed Josephine
  4843 | Lair:3   | Killed Josephine
  4843 | Lair:3   | HP: 1/97 [komodo dragon (17)]
  4930 | Lair:3   | Reached skill level 10 in Transmutations
  4983 | Lair:4   | Identified the +1 leather armour "Hepheuch" {+Inv rN++
                  | rCorr Int-3}
  5040 | Lair:4   | Found a transporter.
  5058 | Lair:4   | Found a bloodstained altar of Trog.
  5061 | Lair:4   | Found a transporter.
  5091 | Lair:5   | Entered Level 5 of the Lair of Beasts
  5137 | Lair:5   | Reached skill level 10 in Conjurations
  5150 | Lair:5   | HP: 2/139 [blink frog (13)]
  5360 | Lair:5   | Reached XP level 15. HP: 113/113 MP: 29/32
  5501 | Lair:5   | Received a gift from Sif Muna
  5502 | Lair:5   | Got Sif Muna's Spellbook of Arenous Cold {god gift}
  5508 | Lair:5   | Found a staircase to the Slime Pits.
  5508 | Lair:5   | Found a viscous altar of Jiyva.
  5599 | Shoals:1 | Entered Level 1 of the Shoals
  5757 | Shoals:2 | Found Yxkufil's Self-Improvement Boutique.
  5808 | Shoals:3 | Noticed Louise
  5812 | Shoals:3 | Killed Louise
  5841 | Shoals:4 | Entered Level 4 of the Shoals
  5841 | Shoals:4 | Found Odosol's Antique Weapon Shop.
  5958 | Shoals:3 | Reached skill level 15 in Transmutations
  5980 | Shoals:3 | Reached skill level 14 in Earth Magic
  6023 | Shoals:3 | Reached XP level 16. HP: 48/121 MP: 6/33
  6042 | Shoals:3 | Received a gift from Sif Muna
  6043 | Shoals:3 | Reached skill level 15 in Earth Magic
  6043 | Shoals:3 | Got Sif Muna's Folio of Charms {god gift}
  6112 | Shoals:2 | Reached skill level 16 in Earth Magic
  6130 | Shoals:2 | Hit by a boomerang thrown by a merfolk

Illustrated notes

Levels and vault maps discovered:
D:1:      amcnicky_arrival_feature_with_door, layout_rooms, serial_shops,
          nicolae_shop_bloodbath_and_beyond
D:2:      layout_basic, serial_shops, nicolae_shop_window_shopping, basic_altar,
          uniq_jessica
D:3:      layout_basic, minmay_liquid_box, kennysheep_donut,
          due_unseen_surprise, uniq_natasha
D:4:      minmay_angry_zag, layout_loops_corners, zin_angel,
          gup_sewer_entry_pipe, uniq_edmund
D:5:      wander_river, layout_basic, serial_shops, kennysheep_little_box
D:6:      layout_basic
D:7:      kennysheep_seaside_town, layout_cave_pools,
          grunt_temple_overflow_open, minmay_temple_entry_junction
D:8:      layout_basic, serial_glass, glass_columns_a, glass_columns_c,
          grunt_ogre_cave, uniq_pikel
D:9:      layout_roguey, kennysheep_generic_room_12
D:10:     layout_loops_ring
D:11:     layout_gridville, dpeg_lair_monsters, orc_0_dummy
D:12:     layout_rooms, nicolae_qazlal_general_emergency, uniq_urug
Temple:   dpeg_five_rooms_temple
Lair:1:   layout_hall_layers, uniq_fannar, uniq_erica
Lair:2:   layout_gridlike, minmay_shoals_entry_centaurs, special_room
          [special_room_bee], minivault_26
Lair:3:   layout_regular_city, nicolae_spider_entry_orb_guardian, basic_altar,
          chequers_serial_rivers_micro_a, grunt_megastairs_3,
          infiniplex_staircase_pool_2, lemuel_fruit_fields, lemuel_fruit_fields,
          uniq_josephine, uniq_kirke, uniq_nessos
Lair:4:   layout_layer_cave, gammafunk_ghost_wrathful_warriors
Lair:5:   guppyfry_lair_end_dragon, layout_regular_city,
          hangedman_lair_tendril_chambers, slime_entry_1
Shoals:1: layout_shoals
Shoals:2: layout_shoals, nicolae_shop_self_help
Shoals:3: layout_shoals, lemuel_centaur_altar, uniq_louise
Shoals:4: shoals_end_hangedman, layout_shoals, shoals_ilsuiw_ice, serial_shops,
          shop
Orc:1:    layout_caves, hellmonk_ghost_happy_afterlife, uniq_maurice
Orc:2:    pf_orc_diabolical, layout_diamond_mine, nicolae_orc_sculptors_studio

Skill      XL: |  1  2  3  4  5  6  7  8  9 10 11 12 13 14 15 16 |
---------------+-------------------------------------------------+-----
Spellcasting   | 3 4 5 6 8 9 12 | 12.5
Earth Magic    | 4 5 6 8 9 10 12 13 14 16 | 16.0
Conjurations   | 6 11 12 | 12.0
Invocations    | 3 10 | 10.0
Translocations | 5 8 |  8.0
Evocations     | 2 6 |  6.0
Fighting       | 3 5 |  5.5
Dodging        | 5 6 |  6.7
Transmutations | 3 8 10 15 | 15.0
Unarmed Combat | 5 6 |  6.1
Stealth        | |  1.4

Action                   |  1- 3 |  4- 6 |  7- 9 | 10-12 | 13-15 | 16-18 || total
-------------------------+-------+-------+-------+-------+-------+-------++-------
Melee: Dagger            |       |       |     1 |       |       |       ||     1
       Unarmed           |       |       |       |       |   209 |     8 ||   217
       Punch             |       |       |       |       |    18 |     1 ||    19
       Tailslap          |       |       |       |       |     1 |     2 ||     3
 Fire: Shortbow          |       |       |       |    15 |       |       ||    15
Throw: Dart              |       |       |       |     5 |       |       ||     5
 Cast: Sandblast         |    20 |    72 |    78 |    98 |    41 |     2 ||   311
       Passwall          |       |     6 |     2 |    21 |    17 |       ||    46
       Stone Arrow       |       |     2 |    14 |   163 |   178 |       ||   357
       Passage of Golubr |       |       |       |    68 |   174 |     6 ||   248
       Statue Form       |       |       |       |       |    25 |     2 ||    27
       Iron Shot         |       |       |       |       |   167 |    25 ||   192
       Leda's Liquefacti |       |       |       |       |    12 |       ||    12
       Dragon Form       |       |       |       |       |     1 |     1 ||     2
Invok: Channel Magic     |       |       |       |     1 |     6 |     1 ||     8
 Abil: End Transformatio |       |       |       |       |     2 |       ||     2
Evoke: Wand              |       |       |     3 |     4 |     6 |       ||    13
  Use: Scroll            |       |     9 |     6 |     5 |    12 |     3 ||    35
       Potion            |       |       |     2 |       |     4 |     4 ||    10
Armor: Robe              |     2 |    11 |    16 |     3 |    16 |       ||    48
       Skin              |       |       |    25 |       |   431 |    68 ||   524
       Troll leather arm |       |       |       |    11 |    15 |       ||    26
Dodge: Dodged            |     5 |    25 |    40 |    48 |   573 |    81 ||   772
